 Dungeon Crawl Stone Soup version 0.31-a0-200-gbc41564c69 (webtiles) character file.

Game seed: 16958897418760275189

243 qw the Skirmisher (level 5, -6/30 HPs)
             Began as a Deep Elf Hunter on June 25, 2023.
             Mangled by Pikel
             ... wielding a +0 whip of freezing
              (11 damage)
             ... on level 4 of the Dungeon.
             The game lasted 00:01:00 (2775 turns).

qw the Skirmisher (Deep Elf Hunter)                 Turns: 2775, Time: 00:01:01

Health: -6/30      AC:  8    Str: 10    XL:     5   Next: 82%
Magic:  7/7        EV: 11    Int: 14    God:
Gold:   177        SH:  0    Dex: 18    Spells: 4/4 levels left

rFire   . . .        Y - +0 shortbow (heavy)
rCold   . . .        (shield currently unavailable)
rNeg    . . .        e - +0 ring mail
rPois   .            (no helmet)
rElec   .            j - +0 cloak
rCorr   .            (no gloves)
SInv    .            f - +1 pair of boots
Will    +....        b - amulet of regeneration
Stlth   +            g - ring of willpower
HPRegen 1.05/turn    (no ring)
MPRegen 0.10/turn

%: no passive effects
@: no status effects
A: no striking features
a: no special abilities


You were on level 4 of the Dungeon.
You visited 1 branch of the dungeon, and saw 4 of its levels.

You collected 177 gold pieces.


   Skills:
 - Level 2.0 Fighting
 - Level 9.0 Ranged Weapons
 + Level 0.6 Armour
 - Level 2.4 Dodging
 - Level 1.2 Stealth


You had 4 spell levels left.
You didn't know any spells.
Your spell library was empty.

Inventory:

Hand Weapons
 Y - a +0 heavy shortbow (weapon)
Armour
 e - a +0 ring mail (worn)
 f - a +1 pair of boots (worn)
 j - a +0 cloak (worn)
Jewellery
 b - an amulet of regeneration (around neck)
 c - a +4 ring of protection
 g - a ring of willpower (left hand)
Scrolls
 a - 2 scrolls of teleportation
 k - a scroll of identify
Potions
 d - a potion of enlightenment {unknown}
 h - a potion of curing
 i - a potion of cancellation {unknown}
 l - a potion of lignification {unknown}
 m - a potion of heal wounds
 n - a potion of berserk rage {unknown}

Dungeon Overview and Level Annotations

Branches:
Dungeon (4/15)
 Temple: D:4-7

Altars:
Elyvilon

Annotations:
D:3 exclusion: 2 orc wizards
D:4 Pikel


Message History

Enter note: A sourceless malevolence fills the Dungeon... and a teleportation trap spontaneously manifests!
You are yanked towards some nearby monsters!
Your surroundings suddenly seem different.
Pikel and a lemure come into view.
Pikel is wielding a +0 whip of freezing.
Found 2 stones and two leather armours.
The lemure shouts!
You hear a shout! x2
A lemure comes into view.
Enter note:
Enter note: You shoot an arrow.
Pikel shouts!
The lemure shouts!
The arrow hits the lemure.
The lemure is moderately wounded.
A lemure comes into view. x2
You shoot an arrow. The arrow closely misses the lemure.
The arrow hits the lemure!
The lemure is moderately wounded.
You shoot an arrow. The arrow completely misses the lemure.
The arrow hits the lemure!!
The lemure is severely wounded.
You shoot an arrow.
The arrow hits the lemure but does no damage.
The lemure is moderately wounded.
The lemure hits you.
You shoot an arrow. The arrow hits the lemure.
The lemure is heavily wounded.
The lemure barely misses you. The lemure hits you.
The lemure hits you but does no damage.
You shoot an arrow. The arrow barely misses the lemure.
The lemure hits you but does no damage. Pikel completely misses you.
The lemure hits you. x2; The lemure barely misses you.
Pikel hits you with a +0 whip of freezing!
Pikel freezes you.
You shoot an arrow. The arrow closely misses the lemure.
The lemure barely misses you. The lemure hits you. x2
The lemure barely misses you.
Pikel hits you with a +0 whip of freezing!
You die...

...##....#
....####..#
#...# ##.#
#....# #.####
###... #..#.
##. #... #...##
.# ##.(5.##..#
#...5@...#
......5K5..#
...[.......#
.....[......#
..............
.##...........#
##..........#
##......#..#


You could see Pikel and 4 lemures.

Vanquished Creatures
  A scorpion (D:3)
  2 orc priests (D:3)
  An orc wizard (D:3)
  2 adders (D:2)
  2 worms (D:2)
  4 dart slugs
  4 orcs (D:3)
  5 ball pythons
  5 bats
  6 endoplasms
  2 giant cockroaches (D:1)
  6 goblins
  8 hobgoblins
  6 kobolds
  A quokka (D:1)
  5 frilled lizards
  5 rats
65 creatures vanquished.

Notes
Turn   | Place    | Note
-------+----------+-------------------------------------------
     0 | D:1      | qw the Deep Elf Hunter began the quest for the Orb.
     0 | D:1      | Reached XP level 1. HP: 12/12 MP: 3/3
     0 | D:1      | 0 ||| qw: Version: 0.3-a-22-g0ed2b0b
     0 | D:1      | 0 ||| qw: Game counter: 5525
     0 | D:1      | 0 ||| qw: Melee chars always use a shield: true
     0 | D:1      | 0 ||| qw: God list: Okawaru
     0 | D:1      | 0 ||| qw: Allow faded altars: false
     0 | D:1      | 0 ||| qw: Do Orc after clearing Dungeon:15 true
     0 | D:1      | 0 ||| qw: Do second Lair branch before Depths: true
     0 | D:1      | 0 ||| qw: Lair rune preference: random
     0 | D:1      | 0 ||| qw: Goals: Normal
     0 | D:1      | 0 ||| PLANNING D:1-11
   127 | D:1      | Reached XP level 2. HP: 16/16 MP: 4/4
   133 | D:1      | Reached skill level 6 in Ranged Weapons
   577 | D:1      | Reached XP level 3. HP: 20/20 MP: 5/5
   845 | D:1      | 845 ||| UPGRADING to +0 ring mail.
   855 | D:1      | 855 ||| DROPPING +0 leather armour.
   856 | D:1      | 856 ||| UPGRADING to +0 pair of boots.
   861 | D:1      | 861 ||| UPGRADING to +0 cloak.
   866 | D:1      | 866 ||| READING 2 scrolls labelled HEM HEACIN.
   870 | D:1      | 870 ||| READING scroll labelled FAACLEGUES.
   871 | D:1      | 871 ||| READING scroll labelled KYXZEISOHA.
   872 | D:1      | 872 ||| DRINKING 2 sedimented pink potions.
   873 | D:1      | 873 ||| DROPPING scroll of butterflies.
   989 | D:2      | Reached skill level 7 in Ranged Weapons
  1422 | D:2      | Identified the +2 quarterstaff "Concordance" {drain, rElec
                  | rPois rF+}
  1445 | D:2      | Found a white marble altar of Elyvilon.
  1480 | D:2      | Reached XP level 4. HP: 25/25 MP: 6/6
  1493 | D:2      | 1493 ||| UPGRADING to +1 pair of boots.
  1503 | D:2      | 1503 ||| DROPPING +0 pair of boots.
  1504 | D:2      | 1504 ||| UPGRADING to ring of willpower.
  1505 | D:2      | 1505 ||| READING scroll labelled MIMNUI DYTHRESO.
  1506 | D:2      | 1506 ||| READING scroll labelled GESAVIO TYK IFOPT.
  1507 | D:2      | 1507 ||| DRINKING 2 grey potions.
  1549 | D:3      | Found a faded altar of an unknown god.
  1623 | D:3      | 1623 ||| READING scroll labelled GOAPTOTOSTRE.
  1632 | D:3      | 1632 ||| Stepping randomly (disturbance).
  1635 | D:3      | 1635 ||| Stepping randomly (disturbance).
  1636 | D:3      | HP: 6/25 [something/puff of flame (4)]
  1797 | D:3      | Noticed a scorpion
  1801 | D:3      | Killed a scorpion
  1802 | D:3      | Reached skill level 8 in Ranged Weapons
  1802 | D:3      | Reached XP level 5. HP: 29/29 MP: 7/7
  1947 | D:3      | 1947 ||| UPGRADING to amulet of regeneration.
  1953 | D:3      | 1953 ||| Stepping ~*~*~tactically~*~*~ (water).
  1960 | D:3      | Reached skill level 9 in Ranged Weapons
  1972 | D:3      | 1972 ||| Stepping ~*~*~tactically~*~*~ (water).
  2463 | D:3      | 2463 ||| READING 2 scrolls of identify.
  2463 | D:3      | 2463 ||| IDENTIFYING inky potion
  2464 | D:3      | 2464 ||| DROPPING potion of attraction.
  2768 | D:4      | Noticed Pikel
  2768 | D:4      | Noticed a lemure
  2768 | D:4      | Noticed a lemure
  2769 | D:4      | Noticed a lemure
  2769 | D:4      | Noticed a lemure
  2775 | D:4      | HP: 5/30 [lemure[Pikel] (5)]
  2775 | D:4      | Mangled by Pikel

Levels and vault maps discovered:
D:1:      heliophobic_arrival_enchanted_forest, layout_loops_corners,
          due_unseen_surprise
D:2:      layout_basic, basic_altar, reono_crystal_passage, solitary_fountain
D:3:      layout_rooms, shapermc_ecumenical_altar_notcrosses,
          serial_bayou_lagoon_a, minmay_fractal_squares_gapless_5
D:4:      layout_layer_cave, serial_bayou_ford_a, uniq_blork_the_orc, uniq_pikel

Skill      XL: |  1  2  3  4  5 |
---------------+----------------+-----
Ranged Weapons | 6 7 8 9 |  9.0
Fighting       | 2 |  2.0
Armour         | |  0.6
Dodging        | |  2.4
Stealth        | |  1.2

Action                     |  1- 3 |  4- 6 || total
---------------------------+-------+-------++-------
   Fire: Shortbow          |    87 |    87 ||   174
    Use: Scroll            |     3 |     4 ||     7
         Potion            |     1 |     1 ||     2
 Armour: Leather armour    |     4 |       ||     4
         Ring mail         |     4 |    23 ||    27
  Dodge: Dodged            |    14 |    28 ||    42

Table legend:
 A = Non-vault XP
 B = Vault XP
 C = Vault XP percentage of total XP
 D = Non-vault monster count
 E = Vault monster count
 F = Vault count percentage of total count
                 A         B        C        D         E       F
            +---------+---------+-------+---------+---------+-------
      Total |     334 |      14 |   4.0 |      59 |       6 |   9.2
            +---------+---------+-------+---------+---------+-------
        D:1 |      45 |       0 |   0.0 |      24 |       0 |   0.0
        D:2 |      53 |       0 |   0.0 |      16 |       0 |   0.0
        D:3 |     232 |      14 |   5.7 |      17 |       6 |  26.1
        D:4 |       4 |       0 |   0.0 |       2 |       0 |   0.0
            +---------+---------+-------+---------+---------+-------
